 Dungeon Crawl Stone Soup version 0.28-a0-1374-ga75cb3825e (webtiles) character file.

Game seed: 4066158507768350630

4633 gimp the Thaumaturge (level 10, -20/80 (81) HPs)
             Began as a Demigod Wanderer on Dec 31, 2021.
             Demolished by a two-headed ogre (23 damage)
             ... on level 8 of the Dungeon.
             The game lasted 00:13:21 (12003 turns).

gimp the Thaumaturge (Demigod Wanderer)            Turns: 12003, Time: 00:13:21

HP:   -20/80 (81)   AC: 13    Str: 15    XL:     10   Next: 0%
MP:   27/27         EV:  6    Int: 18    God:
Gold: 293           SH:  5    Dex: 19    Spells: 26/26 levels left

rFire   + . .      SeeInvis .   b - +2 whip (elec)
rCold   . . .      Faith    .   y - +0 buckler
rNeg    . . .      Spirit   .   f - +2 chain mail {rPois}
rPois   +          Reflect  .   u - +2 hat
rElec   .          Harm     .   (no cloak)
rCorr   .          Rampage  .   (no gloves)
Will    +....                   (no boots)
Stlth   ..........              h - amulet of magic regeneration
HPRegen 0.23/turn               n - ring of protection from fire
MPRegen 0.60/turn               (no ring)

@: lightly drained
A: high mp 1, forlorn, divine attributes
a: no special abilities


You were on level 8 of the Dungeon.
You visited 2 branches of the dungeon, and saw 9 of its levels.

You collected 329 gold pieces.
You spent 36 gold pieces at shops.

Inventory:

Hand Weapons
 a - a +0 dagger
 b - a +2 whip of electrocution (weapon)
Missiles
 c - 29 poisoned darts (quivered)
 l - 6 atropa-tipped darts
Armour
 f - a +2 chain mail of poison resistance (worn)
 r - an orb of light
 u - a +2 hat (worn)
 y - a +0 buckler (worn)
Jewellery
 h - an amulet of magic regeneration (around neck)
 n - a ring of protection from fire (left hand)
Wands
 j - a wand of polymorph (9)
 w - a wand of iceblast (2)
 z - a wand of digging (5)
Scrolls
 e - 2 scrolls of enchant weapon
 m - 2 scrolls of vulnerability
 s - 3 scrolls of amnesia
 v - 2 scrolls of teleportation
 B - a scroll of enchant armour
 C - a scroll of identify
Potions
 d - a potion of heal wounds
 g - a potion of cancellation
 i - 2 potions of haste
 k - 2 potions of curing
 o - a potion of mutation
 p - a potion of flight {unknown}
 q - a potion of brilliance
 t - a potion of magic
 A - a potion of lignification {unknown}


   Skills:
 - Level 5.0 Fighting
 - Level 6.0 Throwing
 - Level 4.5 Armour
 + Level 2.0 Shields
 * Level 8.9 Spellcasting
 - Level 6.0 Evocations


You had 26 spell levels left.
You didn't know any spells.
Your spell library contained the following spells:

 Spells                   Type           Power      Damage    Failure   Level
 Fulminant Prism          Conj/Hex       4%         3d6       100%        4
 Iskenderun's Mystic Bla  Conj/Tloc      8%         2d4       100%        4
 Lee's Rapid Deconstruct  Erth           4%         3d6*      100%        5


Dungeon Overview and Level Annotations

Branches:
Dungeon (8/15)             Temple (1/1) D:7
   Lair: D:8-11

Shops:
D:2 *


Innate Abilities, Weirdness & Mutations

You have an increased reservoir of magic. (+10% MP)
You shall have no god before yourself.
Your divine heritage dramatically boosts your attributes as you level up.


Message History

You hit the two-headed ogre but do no damage.
You block the two-headed ogre's attack.
The two-headed ogre hits you with a +0 giant spiked club!
You take 7 damage, and have 52/80 hp.
There is an open gate here.
Things that are here:
a +2 dagger; a +0 shortbow; a +0 robe You close the gate, pushing everything out of the way.
A two-headed ogre opens the gate.
There is a stone staircase leading up, spattered with blood here.
You see here a potion of degeneration.
You don't know any spells.
Unknown command.
Throw: 31 darts (poison)
Press: ? - help, Q - select action, (/) - cycle Shift-Dir - straight line, f - two-headed ogre
Aim: a two-headed ogre, wielding two +0 giant spiked clubs (79% to hit)
You throw a poisoned dart.
The poisoned dart hits the two-headed ogre!
The two-headed ogre is poisoned.
The two-headed ogre hits you with a +0 giant spiked club! x2
You take 27 damage, and have 36/80 hp.
MASSIVE DAMAGE!!
Throw: throwing net
Press: ? - help, Q - select action, (/) - cycle Shift-Dir - straight line, f/p - two-headed ogre
Aim: a two-headed ogre, wielding two +0 giant spiked clubs (very poisoned, 78% to hit)
You throw a throwing net.
The throwing net completely misses the two-headed ogre.
Throw: 30 darts (poison)
Press: ? - help, Q - select action, (/) - cycle Shift-Dir - straight line, f/p - two-headed ogre
Aim: a two-headed ogre, wielding two +0 giant spiked clubs (very poisoned, 77% to hit)
You throw a poisoned dart.
The poisoned dart hits the two-headed ogre.
The two-headed ogre looks as sick as possible!
The two-headed ogre hits you with a +0 giant spiked club!!
* * * LOW HITPOINT WARNING * * *
The two-headed ogre barely misses you.
You take 29 damage, and have 7/80 hp.
MASSIVE DAMAGE!!
The two-headed ogre hits you with a +0 giant spiked club!
* * * LOW HITPOINT WARNING * * *
The two-headed ogre hits you with a +0 giant spiked club!!
You die...

##...###.##....#...['.#._.#####
#...###.# #.##.....')#...#...#
##...!##.# #..#...###.###.#....
#..##....###........#.....#..##
###.####....#<........#######.##
##..###....[...).....##...#...##.
...###..##............#..##.....#
...# #..##...............#.....##
#.####...#.....#@##...........###
##.......(......O##.....#.#....#.
##.....>.##.......#.....#...#..#.
#..##....####.##.....[.........##
.###......# #..#.....<#.......##.
## ##..#..###.........#..#....#..
# #.##...#.................[...
##..###.......##.......#....##
#.####....#....##.........###


You could see a two-headed ogre (poisoned).

Vanquished Creatures
  Harold (D:7)
  Erica (D:8)
  Sigmund (D:4)
  2 wyverns (D:8)
  Eustachio (D:4)
  A steam dragon (D:7)
  An ice beast (D:5)
  3 black bears
  A necrophage (D:6)
  2 sky beasts
  2 ogres (D:6)
  A centaur (D:6)
  5 bullfrogs
  A gnoll sergeant (D:7)
  5 scorpions
  A water moccasin zombie (D:5)
  A water moccasin skeleton (D:4)
  5 wights
  5 howler monkeys
  A centaur zombie (D:6)
  A bullfrog zombie (D:6)
  A centaur skeleton (D:7)
  A jelly (D:5)
  A hound (D:5)
  4 orc priests
  2 bullfrog skeletons
  3 orc wizards
  2 killer bee zombies
  A howler monkey zombie (D:6)
  7 adders
  3 gnolls
  A river rat (D:6)
  A shadow imp (D:5)
  An adder skeleton (D:4)
  A worm (D:4)
  3 dart slugs
  22 orcs
  11 ball pythons
  5 endoplasms
  8 goblins
  7 hobgoblins
  2 quokkas
  3 bats
  A frilled lizard (D:1)
  6 kobolds
  10 rats
149 creatures vanquished.

Notes
Turn   | Place    | Note
-------+----------+-------------------------------------------
     0 | D:1      | gimp the Demigod Wanderer began the quest for the Orb.
     0 | D:1      | gimp set off with the following items: a +0 dagger, a
                  | scroll of vulnerability, 9 poisoned darts, a +0 chain mail
     0 | D:1      | Reached XP level 1. HP: 17/17 MP: 3/3
   647 | D:1      | Reached XP level 2. HP: 19/25 MP: 4/4
  1409 | D:2      | Reached XP level 3. HP: 9/30 MP: 5/5
  1852 | D:2      | Found Akkolet's General Store.
  1861 | D:2      | Bought a potion of curing for 36 gold pieces
  2841 | D:3      | Reached XP level 4. HP: 21/38 MP: 6/6
  3979 | D:4      | Reached XP level 5. HP: 24/46 MP: 7/7
  4320 | D:4      | Noticed Sigmund
  4344 | D:4      | Killed Sigmund
  4345 | D:4      | Reached skill level 5 in Fighting
  4345 | D:4      | Reached XP level 6. HP: 40/56 MP: 8/8
  4838 | D:4      | Noticed Eustachio
  4848 | D:4      | Killed Eustachio
  4849 | D:4      | Reached skill level 5 in Throwing
  5106 | D:5      | Entered Level 5 of the Dungeon
  5259 | D:5      | Reached XP level 7. HP: 51/61 MP: 8/10
  5547 | D:5      | Reached skill level 1 in Spellcasting
  5593 | D:5      | Reached skill level 1 in Evocations
  5632 | D:5      | Reached skill level 2 in Spellcasting
  5740 | D:5      | Reached skill level 3 in Spellcasting
  6421 | D:5      | Reached XP level 8. HP: 46/68 MP: 15/17
  6713 | D:6      | Reached skill level 4 in Spellcasting
  6823 | D:6      | Reached skill level 5 in Spellcasting
  8132 | D:7      | Reached skill level 6 in Spellcasting
  8313 | D:7      | Reached XP level 9. HP: 74/74 MP: 22/22
  8347 | D:7      | Found a staircase to the Ecumenical Temple.
  8361 | Temple   | Entered the Ecumenical Temple
  8584 | D:7      | Reached skill level 5 in Evocations
  9154 | D:7      | Reached skill level 7 in Spellcasting
  9845 | D:8      | Noticed Harold
  9960 | D:7      | Killed Harold
  9961 | D:7      | Reached skill level 8 in Spellcasting
 11003 | D:8      | Noticed Erica
 11186 | D:8      | Killed Erica
 11187 | D:8      | Reached skill level 1 in Shields
 11773 | D:8      | Reached XP level 10. HP: 44/80 MP: 27/27
 11934 | D:8      | Noticed a two-headed ogre
 12003 | D:8      | HP: 3/80 [two-headed ogre (7)]
 12003 | D:8      | Demolished by a two-headed ogre

Illustrated notes

Levels and vault maps discovered:
D:1:      dpeg_arrival_ratfight, layout_loops_ring,
          shapermc_ecumenical_altar_venn
D:2:      layout_rooms, serial_shops, nicolae_square_shop
D:3:      layout_basic, mainiacjoe_overflow_brackets,
          mainiacjoe_overflow_six_doors_small
D:4:      nicolae_cairo_tiling_very_big, layout_cave_pods,
          overflow_temple_1_default, uniq_eustachio, uniq_sigmund
D:5:      layout_basic, eino_small_chamber_without_monster, minmay_misc_feat_iff
D:6:      layout_basic, nicolae_overflow_squiral, corexii_corridor_pit,
          minmay_strange_pillars
D:7:      layout_cave_pools, minmay_temple_entry_ruins, grunt_decor_mini_mirrors
D:8:      layout_layer_cave, mainiacjoe_overflow_alcove_4,
          nicolae_overflow_crystal_walls, uniq_erica, uniq_harold
Temple:   cyrus_circular_temple

Skill      XL: |  1  2  3  4  5  6  7  8  9 |
---------------+----------------------------+-----
Fighting       | 2 3 4 5 |  5.0
Throwing       | 3 4 6 |  6.0
Spellcasting   | 3 6 8 |  8.9
Evocations     | 2 4 6 |  6.0
Shields        | 2 |  2.0
Armour         | |  4.5

Action                   |  1- 3 |  4- 6 |  7- 9 | 10-12 || total
-------------------------+-------+-------+-------+-------++-------
Melee: Dagger            |   261 |       |       |       ||   261
       Whip              |       |   118 |   373 |     2 ||   493
Throw: Dart              |       |     9 |    24 |     2 ||    35
       Throwing net      |       |       |       |     1 ||     1
Evoke: Wand              |       |       |     7 |       ||     7
  Use: Scroll            |       |     6 |     8 |       ||    14
       Potion            |       |       |     1 |       ||     1
Armor: Chain mail        |   176 |    97 |   295 |       ||   568
Dodge: Dodged            |    82 |    36 |   131 |     2 ||   251
Block: Buckler           |       |       |     5 |     1 ||     6

Table legend: (Time is in decaauts)
 A = Elapsed time spent in this place.
 B = Non-inter-level travel time spent in this place.
 C = Inter-level travel time spent in this place.
 D = Time resting spent in this place.
 E = Time spent auto-exploring this place.
 F = Levels seen in this place.
 G = Mean time per level.
                   A        B        C        D        E       F      G
               +--------+--------+--------+--------+--------+-----+--------+
         Total |  12060 |  11831 |    229 |   2413 |   7430 |   9 | 1340.0 |
       Dungeon |  12058 |  11829 |    229 |   2413 |   7430 |   8 | 1507.2 |
        Temple |      1 |      1 |      0 |      0 |      0 |   1 |    1.0 |
               +--------+--------+--------+--------+--------+-----+--------+

Top non-repeatable levels by time:
     D:7: 2367 daAuts
     D:6: 1785 daAuts
     D:5: 1562 daAuts
     D:1: 1471 daAuts
     D:2: 1239 daAuts
     D:4: 1226 daAuts
     D:8: 1224 daAuts
     D:3: 1180 daAuts
  Temple: 1 daAuts
